 Dungeon Crawl Stone Soup version 0.31-a0-142-g31f6795574 (webtiles) character file.

Game seed: 13756538122855080540

84 Pimp the Chopper (level 4, -2/41 HPs)
             Began as a Hill Orc Monk on June 3, 2023.
             Slain by Sigmund
             ... wielding a +2 scythe of freezing
              (9 damage)
             ... on level 3 of the Dungeon.
             The game lasted 00:02:53 (1836 turns).

Pimp the Chopper (Hill Orc Monk)                    Turns: 1836, Time: 00:02:54

Health: -2/41      AC:  5    Str: 13    XL:     4   Next: 45%
Magic:  4/4        EV: 12    Int: 12    God:
Gold:   84         SH:  0    Dex: 13    Spells: 3/3 levels left

rFire   + . .        g - +2 executioner's axe (heavy)
rCold   . . .        (shield currently unavailable)
rNeg    . . .        l - +0 leather armour {rF+}
rPois   .            n - +0 helmet
rElec   .            i - +0 cloak
rCorr   .            (no gloves)
SInv    .            (no boots)
Will    .....        (no amulet)
Stlth   +            (no ring)
HPRegen 0.26/turn    (no ring)
MPRegen 0.09/turn

%: no passive effects
@: weak-willed, enlightened, flying, hasted, very quick
A: no striking features
a: no special abilities


You were on level 3 of the Dungeon.
You visited 1 branch of the dungeon, and saw 3 of its levels.

You collected 84 gold pieces.

Inventory:

Hand Weapons
 a - a +0 hand axe
 g - a +2 heavy executioner's axe (weapon)
Armour
 b - a +0 robe
 d - an orb of light
 e - a +0 plate armour
 i - a +0 cloak (worn)
 l - a +0 leather armour of fire resistance (worn)
 n - a +0 helmet (worn)
Jewellery
 j - an amulet of magic regeneration
Potions
 k - a potion of haste


   Skills:
 + Level 4.6 Fighting
 + Level 5.0 Axes
 + Level 3.1 Dodging


You had 3 spell levels left.
You didn't know any spells.
Your spell library contained the following spells:

 Spells                   Type           Power      Damage    Failure   Level
 Blink                    Tloc           0%         N/A       54%         2
 Lesser Beckoning         Tloc           0%         N/A       54%         2
 Momentum Strike          Conj/Tloc      0%         3d8       54%         2


Dungeon Overview and Level Annotations

Branches:
Dungeon (3/15)

Altars:
Makhleb

Annotations:
D:3 Sigmund


Message History

Deactivating autopickup; reactivate with Ctrl-A.
The goblin barely misses you.
You bump into the rock wall.
The bat barely misses you. Something hits you! Something freezes you.
The goblin closely misses you.
You slash something! You miss the goblin. You slice the bat!!
You kill the bat!
You feel less confused. The goblin closely misses you. Something hits you.
Something freezes you. The goblin hits you but does no damage.
You closely miss something. You closely miss the goblin.
The goblin barely misses you. Something hits you. Something freezes you.
The goblin hits you with a +0 dagger. Something hits you.
Something freezes you. The goblin closely misses you.
You barely miss something. You hit the goblin.
You kill the goblin!
The bat closely misses you. The bat barely misses you. Something hits you!
* * * LOW HITPOINT WARNING * * *
Something freezes you.
* * * LOW HITPOINT WARNING * * *
Something hits you but does no damage.
It was a potion of enlightenment.
You feel very buoyant.
You fly up into the air.
The bat closely misses you.
You feel more buoyant.
You hear some strange, mumbled words.
A magic dart appears from out of thin air!
The magic dart hits you.
* * * LOW HITPOINT WARNING * * *
It was a potion of curing.
You feel better. The bat hits you but does no damage.
Something hits you but does no damage.
It was a potion of haste.
You feel yourself speed up. The bat hits you but does no damage.
Something barely misses you.
You miss something. The bat hits you but does no damage.
You hear some strange, mumbled words.
A puff of flame appears from out of thin air!
The puff of flame hits you. You resist.
* * * LOW HITPOINT WARNING * * *
You closely miss something. Something barely misses you.
You barely miss something. The bat misses you. Something hits you!
You die...

######## #####
##......##
##...######........#
#.............####..#
##....#######.##@b##
.#....# #..)){.#
.#....# #..##..#
.#))..#### #.## .##
.#.........#..# ##
..............#
.#########.##.# .#
#.##.. .# # ##


You could see a bat (weak-willed).

Vanquished Creatures
  3 adders (D:2)
  3 dart slugs
  3 bats
  2 endoplasms
  3 giant cockroaches
  8 goblins
  3 hobgoblins
  4 jackals (D:2)
  6 ball pythons
  5 kobolds
  6 rats
46 creatures vanquished.

Notes
Turn   | Place    | Note
-------+----------+-------------------------------------------
     0 | D:1      | Pimp the Hill Orc Monk began the quest for the Orb.
     0 | D:1      | Reached XP level 1. HP: 19/19 MP: 1/1
   135 | D:1      | Reached XP level 2. HP: 25/27 MP: 2/2
  1032 | D:2      | Reached XP level 3. HP: 21/33 MP: 3/3
  1494 | D:2      | Reached XP level 4. HP: 35/41 MP: 4/4
  1529 | D:2      | Found a burning altar of Makhleb.
  1552 | D:2      | Reached skill level 5 in Axes
  1605 | D:2      | Found a faded altar of an unknown god.
  1727 | D:3      | Identified a scroll of acquirement
  1727 | D:3      | Acquired a +2 heavy executioner's axe
  1815 | D:3      | Noticed Sigmund
  1836 | D:3      | Slain by Sigmund

Illustrated notes

Levels and vault maps discovered:
D:1:      scummos_arrival_star, layout_basic
D:2:      layout_basic, basic_altar, basic_ecumenical_altar, grunt_decor_cap
D:3:      layout_basic, mainiacjoe_overflow_alcove_1, portal_sewer_entry_b,
          minmay_close_crescents, uniq_ijyb, uniq_sigmund

Skill      XL: |  1  2  3  4 |
---------------+-------------+-----
Fighting       | 4 |  4.6
Dodging        | 3 |  3.1
Axes           | 5 |  5.0

Action                     |  1- 3 |  4- 6 || total
---------------------------+-------+-------++-------
  Melee: Hand axe          |    94 |    17 ||   111
         Executioner's axe |       |    16 ||    16
    Use: Potion            |       |     5 ||     5
         Scroll            |       |     2 ||     2
 Armour: Robe              |    17 |       ||    17
         Leather armour    |     4 |    37 ||    41
  Dodge: Dodged            |    59 |    66 ||   125

Table legend: (Time is in decaauts)
 A = Elapsed time spent in this place.
 B = Non-inter-level travel time spent in this place.
 C = Inter-level travel time spent in this place.
 D = Time resting spent in this place.
 E = Time spent auto-exploring this place.
 F = Levels seen in this place.
 G = Mean time per level.
                   A        B        C        D        E       F      G
               +--------+--------+--------+--------+--------+-----+--------+
         Total |   1863 |   1703 |    160 |      2 |   1324 |   3 |  621.0 |
       Dungeon |   1863 |   1703 |    160 |      2 |   1324 |   3 |  621.0 |
               +--------+--------+--------+--------+--------+-----+--------+

Top non-repeatable levels by time:
     D:1: 999 daAuts
     D:2: 727 daAuts
     D:3: 136 daAuts
